 Dungeon Crawl Stone Soup version 0.21.1-1-g345015fe64 (webtiles) character file.

83 shea9 the Firebug (level 4, 0/31 HPs)
             Began as a Demonspawn Fire Elementalist on June 12, 2018.
             Slain by a jackal (1 damage)
             ... on level 2 of the Dungeon.
             The game lasted 00:13:51 (1579 turns).

shea9 the Firebug (Demonspawn Fire Elementalist)    Turns: 1579, Time: 00:13:52

Health: 0/31       AC:  3    Str:  8    XL:     4   Next: 22%
Magic:  0/8        EV: 14    Int: 23    God:
Gold:   96         SH:  0    Dex: 16    Spells: 5/8 levels left

rFire    . . .     SeeInvis .   h - +0 dagger
rCold    + . .     Gourm    .   (no shield)
rNeg     . . .     Faith    .   a - +1 robe
rPois    .         Spirit   .   (no helmet)
rElec    .         Reflect  .   (no cloak)
rCorr    .         Harm     .   (no gloves)
MR       .....                  (no boots)
Stlth    ++........             (no amulet)
HPRegen  0.10/turn              g - +3 ring of dexterity
MPRegen  0.11/turn              (no ring)

@: brilliant, very slightly contaminated
A: claws 1, repulsion field 1, cold resistance 1
a: no special abilities


You were on level 2 of the Dungeon.
You were not hungry.

You visited 1 branch of the dungeon, and saw 2 of its levels.

You collected 96 gold pieces.

Inventory:

Hand Weapons
 e - a +0 whip
 h - a +0 dagger (weapon)
Missiles
 f - 20 stones (quivered)
Armour
 a - a +1 robe (worn)
Jewellery
 g - a +3 ring of dexterity (left claw)
Scrolls
 d - a scroll of fear {unknown}
 i - a scroll of blinking
 j - a scroll of magic mapping {unknown}
Books
 b - a book of Flames

   Spells                             Type                      Level
   a - Flame Tongue                   Conjuration/Fire             1
   b - Throw Flame                    Conjuration/Fire             2
   c - Conjure Flame                  Conjuration/Fire             3
   d - Inner Flame                    Hexes/Fire                   3
   e - Sticky Flame                   Conjuration/Fire             4
   f - Fireball                       Conjuration/Fire             5
Comestibles
 l - 2 chunks of flesh


   Skills:
 + Level 0.4 Fighting
 + Level 0.1 Short Blades
 + Level 0.2 Maces & Flails
 + Level 1.9 Dodging
 + Level 1.8 Stealth
 + Level 0.1 Unarmed Combat
 + Level 2.8 Spellcasting
 + Level 1.3 Conjurations
 * Level 3.7 Fire Magic


You had 5 spell levels left.
You knew the following spells:

 Your Spells              Type           Power        Failure   Level  Hunger
a - Flame Tongue          Conj/Fire      ####.        1%          1    None
b - Throw Flame           Conj/Fire      ####..       1%          2    ##.....


Dungeon Overview and Level Annotations

Branches:
Dungeon (2/15)

Altars:


Innate Abilities, Weirdness & Mutations

You have sharp fingernails.
You are surrounded by a mild repulsion field. (EV +2)
Your flesh is cold resistant. (rC+)


Message History

Confirm with . or Enter, or press ? or * to list all spells.
Aiming: Flame Tongue
Press: ? - help, Shift-Dir - straight line, f/p - jackal
Aim: a jackal (almost dead)
The flame tongue hits the jackal.
You kill the jackal!
The jackal bites you.
* * * LOW HITPOINT WARNING * * *
The jackal barely misses you. The jackal closely misses you.
The jackal misses you.
Casting: Flame Tongue
Confirm with . or Enter, or press ? or * to list all spells.
You don't have enough magic to cast that spell.
You barely miss the jackal. The jackal misses you.
The jackal closely misses you.
You hit the jackal but do no damage. The jackal closely misses you. x2
The jackal barely misses you. x2
The jackal bites you but does no damage.
The jackal bites you.
You die...

....# ...# #..#
#... #..###########
#..........<#
#.h##...[..##†#
#..@†...(......
##h##.........#
#..#......?...
#######.#..).......
#.......#..........
#.......#.........S
#........########+#
#........#
#........##


You could see 2 jackals.

Vanquished Creatures
  An adder (D:2)
  An ooze (D:1)
  5 dart slugs
  2 leopard geckos (D:1)
  5 bats
  3 giant cockroaches (D:1)
  6 goblins
  7 hobgoblins
  8 jackals
  4 kobolds
  A ball python (D:1)
  A frilled lizard (D:1)
  12 rats
56 creatures vanquished.

Notes
Turn   | Place    | Note
-------+----------+-------------------------------------------
     0 | D:1      | shea9 the Demonspawn Fire Elementalist began the quest for the Orb.
     0 | D:1      | Reached XP level 1. HP: 13/13 MP: 3/3
    20 | D:1      | Reached skill level 3 in Fire Magic
   225 | D:1      | Gained mutation: Your flesh is cold resistant. (rC+) [demonic ancestry]
   225 | D:1      | Reached XP level 2. HP: 19/19 MP: 1/5
   701 | D:1      | Gained mutation: You have sharp fingernails. [demonic ancestry]
   701 | D:1      | Reached XP level 3. HP: 17/24 MP: 3/6
   706 | D:1      | Learned a level 2 spell: Throw Flame
  1521 | D:2      | Gained mutation: You are surrounded by a mild repulsion field. (EV +2) [demonic ancestry]
  1521 | D:2      | Reached XP level 4. HP: 31/31 MP: 2/7
  1576 | D:2      | HP: 1/31 [jackal (1)]
  1579 | D:2      | Slain by a jackal

Skill      XL: |  1 |
---------------+----+-----
Fire Magic     | 3 |  3.7
Fighting       | |  0.4
Short Blades   | |  0.1
Maces & Flails | |  0.2
Dodging        | |  1.9
Stealth        | |  1.8
Unarmed Combat | |  0.1
Spellcasting   | |  2.8
Conjurations   | |  1.3

Action                   |  1- 3 |  4- 6 || total
-------------------------+-------+-------++-------
Melee: Unarmed           |    16 |       ||    16
       Whip              |    15 |       ||    15
       Dagger            |    22 |    14 ||    36
Throw: Stone             |       |     1 ||     1
 Cast: Flame Tongue      |    56 |     6 ||    62
       Throw Flame       |    15 |     5 ||    20
  Use: Scroll            |     5 |       ||     5
       Potion            |       |     2 ||     2
 Stab: Sleeping          |     1 |       ||     1
  Eat: Chunk             |     3 |       ||     3
       Ration            |     1 |       ||     1
Armor: Robe              |    10 |    13 ||    23
Dodge: Dodged            |    53 |    46 ||    99
